Map: Dreamcatcher LE

Players

Woogie

  • Race: Zerg Zerg
  • League: Diamond
  • Spawn Location: 5:00

XmasLutu - Winner!

  • Race: Protoss Protoss
  • League: Diamond
  • Spawn Location: 11:00

VOD

Have the link to the VOD?

Description

Crushed this Protoss' soul with LingBaneDrops. But then get a bunch of chargelots showing up at my base.

Time

  • Played on: Sept. 17, 2018, 5 p.m.
  • Length: 6:51
Show
View Real Time Build Order
Export as new Build Order

Woogie Zerg 

Build Orders: Pool First, Zergling Baneling 

Get SALT Encoding   

  12  0:00  Drone  
  13  0:08  Drone  
  14  0:26  Spawning Pool  
  13  0:30  Drone  
  13  0:35  Extractor  
  13  0:36  Drone  
  14  0:43  Overlord  
  14  1:02  Drone x2  
  14  1:04  Drone  
  17  1:13  Evolution Chamber  
  17  1:16  Queen  
  18  1:21  Drone  
  19  1:27  Zergling x2  
  20  1:36  Overlord  
  20  1:40  Zerg Melee Weapons Level 1  
  20  1:55  Queen  
  20  1:58  Drone  
  20  1:59  Drone  
  24  2:12  Metabolic Boost  
  24  2:16  Drone  
  25  2:32  Hatchery  
  25  2:36  Extractor  
  23  2:37  Drone  
  24  2:58  Lair  
  24  3:00  Drone x2  
  24  3:01  Drone  
  27  3:17  Baneling Nest  
  26  3:20  Zergling x8  
  30  3:37  Overlord  
  30  3:47  Zergling x4  
  32  3:52  Pneumatized Carapace  
  32  4:00  Drone  
  32  4:01  Drone x2  
  32  4:02  Drone x2  
  37  4:14  Baneling  
  37  4:15  Baneling x3  
  36  4:32  Zergling x8  
  36  4:33  Zergling x2  
  36  4:37  Baneling x4  
  39  5:04  Drone x5  
  44  5:08  Overlord x2  
  40  5:22  Zergling x4  
  42  5:38  Zergling x2  
  42  5:39  Zergling x10  
  46  5:46  Baneling x4  
  46  5:49  Queen x2  
  50  5:51  Zergling x8  
  40  6:14  Baneling  
  29  6:20  Zergling x8  
  29  6:21  Zergling x14  
  29  6:22  Zergling x2  
Show
View Real Time Build Order
Export as new Build Order

XmasLutu Protoss - Winner!

Build Orders: 1 Gate Expand 

Get SALT Encoding   

  12  0:00  Probe  
  13  0:13  Probe  
  14  0:20  Pylon  
  14  0:25  Probe  
  15  0:39  Gateway, Probe  
  16  0:47  Probe  
  16  0:55  Probe  
  18  1:08  Probe  
  19  1:20  Probe  
  20  1:27  Nexus  
  20  1:35  Cybernetics Core  
  20  1:41  Zealot  
  20  1:43  Probe  
  22  1:51  Assimilator  
  23  1:57  Pylon  
  23  2:09  Gateway  
  23  2:15  Probe  
  24  2:19  Assimilator  
  24  2:22  Pylon  
  24  2:27  Probe  
  25  2:39  Warp Gate, Probe  
  25  2:41  Probe  
  27  2:51  Probe  
  27  2:53  Probe  
  27  2:56  Shield Battery  
  29  3:03  Twilight Council, Probe  
  30  3:05  Probe  
  30  3:12  Adept  
  33  3:15  Probe x2  
  35  3:23  Probe  
  35  3:27  Probe  
  35  3:31  Gateway  
  37  3:42  Charge  
  37  3:56  Robotics Facility  
  37  4:12  Pylon  
  37  4:15  Gateway  
  37  4:17  Gateway  
  37  4:19  Gateway  
  37  4:24  Gateway  
  37  4:37  Warp Prism  
  37  4:49  Zealot  
  37  4:50  Zealot  
  30  4:55  Zealot  
  30  4:58  Probe x2  
  34  5:03  Pylon  
  34  5:04  Pylon  
  26  5:17  Zealot x6  
  38  5:37  Zealot x2  
  41  5:45  Probe  
  41  5:49  Zealot x4  
  48  6:08  Zealot  
  48  6:09  Zealot x2  
  50  6:23  Zealot x2  
  54  6:34  Zealot  
  54  6:35  Zealot  
  56  6:41  Zealot  
Tags
 
Add a new tag
Caveats
  • Supply blocks, unpowered buildings, or Contaminate may cause inaccurate times.
  • Supply counts are checked every 10 seconds.